 Dungeon Crawl Stone Soup version 0.29-a0-993-g4a18f31a58 (webtiles) character file.

Game seed: 160381492743359459

12 vurker the Sneak (level 2, 13/14 HPs)
             Began as a Vine Stalker Enchanter on Aug 2, 2022.
             Was a Follower of Okawaru.
             Quit the game on level 1 of the Dungeon.
             The game lasted 00:00:37 (456 turns).

vurker the Sneak (Vine Stalker Enchanter)            Turns: 456, Time: 00:00:37

Health: 13/14      AC:  2    Str: 10    XL:     2   Next: 33%
Magic:  6/6        EV: 12    Int: 15    God:    Okawaru [*.....]
Gold:   24         SH:  0    Dex: 14    Spells: 5/5 levels left

rFire   . . .      SeeInvis .   a - +1 dagger
rCold   . . .      Faith    .   (no shield)
rNeg    . . .      Spirit   +   b - +0 robe
rPois   .          Reflect  .   (no helmet)
rElec   .          Harm     .   (no cloak)
rCorr   .          Rampage  .   (no gloves)
Will    .....                   (no boots)
Stlth   ++........              g - amulet of magic regeneration
HPRegen 0.04/turn               (no ring)
MPRegen 0.50/turn               (no ring)

@: no status effects
A: fangs 2, magic shield, antimagic bite, no potion heal 2
a: Renounce Religion, Heroism


You were on level 1 of the Dungeon.
You worshipped Okawaru.
Okawaru was aware of your devotion.
You visited 1 branch of the dungeon, and saw 1 of its levels.

You collected 24 gold pieces.

Inventory:

Hand Weapons
 a - a +1 dagger (weapon)
Armour
 b - a +0 robe (worn)
Jewellery
 g - an amulet of magic regeneration (around neck)
   (You found it on level 1 of the Dungeon)
Scrolls
 d - a scroll of vulnerability {unknown}
 e - a scroll of fear {unknown}
Potions
 c - 2 potions of invisibility
 f - 2 potions of cancellation {unknown}
 h - a potion of mutation {unknown}


   Skills:
 + Level 0.7 Fighting
 - Level 0.8 Short Blades
 - Level 1.5 Dodging
 - Level 3.6 Stealth
 * Level 1.5 Unarmed Combat
 - Level 2.1 Spellcasting
 - Level 3.0 Hexes


You had 5 spell levels left.
You didn't know any spells.
Your spell library contained the following spells:

 Spells                   Type           Power      Damage    Failure   Level
 Ensorcelled Hibernation  Hex/Ice        12%        N/A       19%         2
 Confusing Touch          Hex            10%        N/A       19%         3
 Dazzling Flash           Conj/Hex       12%        N/A       34%         3
 Gell's Gravitas          Tloc           1%         N/A       54%         3
 Teleport Other           Tloc           1%         N/A       54%         3
 Dispersal                Tloc           0%         N/A       100%        6
 Tukima's Dance           Hex            Unusable   N/A       N/A         3

Dungeon Overview and Level Annotations

Branches:
Dungeon (1/15)

Altars:
Okawaru


Innate Abilities, Weirdness & Mutations

You have extremely sharp teeth.
When hurt, damage is shared between your health and your magic reserves.
Your bite disrupts and absorbs the magic of your enemies.
Potions cannot restore your health.


Message History

You hit the endoplasm. You bite the endoplasm. You drain its power.
You feel invigorated. The bat hits you but does no damage.
The endoplasm misses you.
You hit the endoplasm.
You kill the endoplasm!
The bat closely misses you.
No reachable target in view!
No reachable target in view!
No reachable target in view!
No reachable target in view!
No reachable target in view!
No reachable target in view!
No reachable target in view!
No reachable target in view!
No reachable target in view!
No reachable target in view!
No reachable target in view!
The bat barely misses you. The bat attacks as you move away!
The bat hits you but does no damage.
You enter the shallow water.
Moving in this stuff is going to be slow.
The bat closely misses you. The bat hits you but does no damage.
You hit the bat. The bat hits you but does no damage.
You barely miss the bat. The bat hits you but does no damage.
You enter the shallow water.
Moving in this stuff is going to be slow.
The bat barely misses you. The bat misses you. The bat barely misses you.
The bat hits you but does no damage.
You closely miss the bat. Your bite misses the bat. The bat closely misses you.
The bat hits you but does no damage. The bat misses you.
Your unstable footing causes you to fumble your attack.
The bat completely misses you. The bat hits you but does no damage.
The bat barely misses you. The bat barely misses you.
You closely miss the bat. You punch the bat.
You kill the bat!
No target in view!
No target in view!
No target in view!
No target in view!
You enter the shallow water.
Moving in this stuff is going to be slow.
You see here a bat corpse.
There is a faded altar of an unknown god here.
You cannot tell which god this altar belongs to.
Convert to them anyway?
Okawaru accepts your prayer! Okawaru welcomes you!
You can now gain great but temporary skills.

####### #######
#...... ~.~~.~#
#..~.~.~.~~.~.#
#.≈~~≈~~~≈≈≈~.#
#..≈≈~~≈≈≈≈≈≈~#
#~.~≈≈~≈≈≈≈~..#
#.≈≈≈~.♣~≈≈≈..#
~.≈≈~♣@♣~≈≈~~#
#.≈≈≈~.~.~~≈~.#
#.≈≈≈~~~~~≈≈~.# #
##
#~.≈≈≈~~≈~≈≈..#
##[#.#
#~~≈~~~≈~†~~~~##
.#...
....≈..~~.~.~..#
...
#..~~..~..~....#
#.#
#.#...#.#.####.#
##.####.........#
#.#


There were no monsters in sight!

Vanquished Creatures
  An endoplasm (D:1)
  A giant cockroach (D:1)
  3 goblins (D:1)
  A hobgoblin (D:1)
  A quokka (D:1)
  2 ball pythons (D:1)
  2 bats (D:1)
11 creatures vanquished.

Notes
Turn   | Place    | Note
-------+----------+-------------------------------------------
     0 | D:1      | vurker the Vine Stalker Enchanter began the quest for the
                  | Orb.
     0 | D:1      | Reached XP level 1. HP: 9/9 MP: 4/4
   195 | D:1      | Reached skill level 1 in Unarmed Combat
   260 | D:1      | Reached XP level 2. HP: 12/14 MP: 4/6
   426 | D:1      | Found a faded altar of an unknown god.
   455 | D:1      | Prayed at the altar of an unknown god.
   455 | D:1      | Became a worshipper of Warmaster Okawaru
   455 | D:1      | Reached * piety under Okawaru
   456 | D:1      | Quit the game

Illustrated notes

Levels and vault maps discovered:
D:1:      scummos_arrival_simple_crosswalls, layout_loops_cross,
          chequers_ecumenical_altar_island

Skill      XL: |  1 |
---------------+----+-----
Unarmed Combat | 1 |  1.5
Fighting       | |  0.7
Short Blades   | |  0.8
Dodging        | |  1.5
Stealth        | |  3.6
Spellcasting   | |  2.1
Hexes          | |  3.0

Action                   || total
-------------------------++-------
Melee: Dagger            ||    33
       Bite              ||     7
       Punch             ||     1
 Stab: Sleeping          ||     2
Armor: Robe              ||    12
Dodge: Dodged            ||    29

Table legend: (Time is in decaauts)
 A = Elapsed time spent in this place.
 B = Non-inter-level travel time spent in this place.
 C = Inter-level travel time spent in this place.
 D = Time resting spent in this place.
 E = Time spent auto-exploring this place.
 F = Levels seen in this place.
 G = Mean time per level.
                   A        B        C        D        E       F      G
               +--------+--------+--------+--------+--------+-----+--------+
         Total |    461 |    461 |      0 |      0 |    350 |   1 |  461.0 |
       Dungeon |    461 |    461 |      0 |      0 |    350 |   1 |  461.0 |
               +--------+--------+--------+--------+--------+-----+--------+

Top non-repeatable levels by time:
     D:1: 461 daAuts
